 Dungeon Crawl Stone Soup version 0.21-a0-582-g1b93aee (webtiles) character file.

4050 Amnesiac the Slinger (level 10, 0/102 HPs)
             Began as a Halfling Fighter on Dec 19, 2017.
             Was an Initiate of Okawaru.
             Killed from afar by Erica (21 damage)
             ... with an orb of energy
             ... on level 7 of the Dungeon.
             The game lasted 00:11:46 (7402 turns).

Amnesiac the Slinger (Halfling Fighter)             Turns: 7402, Time: 00:11:47

Health: 0/102      AC: 25    Str: 17 (20) XL:     10   Next: 48%
Magic:  19/19      EV:  3    Int:  5 (6)  God:    Okawaru [......]
Gold:   432        SH:  6    Dex: 13 (15) Spells: 1/9 levels left

rFire    . . .     SeeInvis .   a - +0 short sword (venom)
rCold    . . .     Gourm    .   r - +0 buckler
rNeg     + + +     Faith    .   (armour currently unavailable)
rPois    +         Spirit   .   (helmet currently unavailable)
rElec    .         Reflect  .   (cloak currently unavailable)
rCorr    .         Harm     .   (gloves currently unavailable)
MR       .....     NoTele   +   (boots currently unavailable)
Stlth    +.........             t - amulet of rage
HPRegen  0.27/turn              s - ring of magical power
MPRegen  0.16/turn              (no ring)

@: tree-form, hasted and slowed
A: small, mutation resistance 1
a: Renounce Religion, Evoke Berserk Rage


You were on level 7 of the Dungeon.
You worshipped Okawaru.
Okawaru was noncommittal.
You were not hungry.
You were a tree.
You visited 2 branches of the dungeon, and saw 9 of its levels.

You collected 432 gold pieces.

Inventory:

Hand Weapons
 a - a +0 short sword of venom (weapon)
 F - a +4 flail of draining
 M - a +0 hunting sling
Missiles
 h - 64 sling bullets
 i - 186 stones
 q - 31 poisoned needles
 O - 3 tomahawks (quivered)
Armour
 c - a +0 shield
 e - a +0 pair of boots (melded)
 l - a +0 helmet (melded)
 p - a +0 pair of gloves (melded)
 r - a +0 buckler (worn)
 C - the cursed +1 chain mail of Spring (melded) {Str+3}
   (You found it on level 4 of the Dungeon)

   It affects your strength (+3).
   It has a curse placed upon it.
 E - a +3 leather armour of fire resistance
Jewellery
 s - a ring of magical power (left branch)
 t - an amulet of rage (around neck)
Wands
 b - a wand of random effects (30)
 B - a wand of polymorph (14)
 H - a wand of flame (57)
 K - a wand of digging (13)
Scrolls
 d - 2 scrolls of teleportation {!r, unknown}
 g - 2 scrolls of blinking {!r, unknown}
 j - 4 scrolls of remove curse {!r}
 m - 2 scrolls of amnesia {!r, unknown}
 n - 2 scrolls of enchant armour {!r, unknown}
 o - 2 scrolls of enchant weapon {!r, unknown}
 G - a scroll of fog {!r, unknown}
 I - a scroll of random uselessness {!r, unknown}
 N - a scroll of magic mapping {!r, unknown}
Potions
 k - 4 potions of flight {!q}
 v - a potion of degeneration {!q}
 w - a potion of invisibility {!q}
 x - a potion of mutation {!q}
 z - a potion of lignification {!q}
 A - a potion of berserk rage {!q}
 D - 2 potions of brilliance {!q}
 J - 2 potions of magic {!q}
 P - a potion of ambrosia {!q}
Comestibles
 f - 21 rations


   Skills:
 * Level 5.7 Fighting
 - Level 2.4 Short Blades
 + Level 12.3 Slings
 * Level 6.8 Armour
 * Level 6.8 Dodging
 * Level 6.8 Shields


You had one spell level left.
You knew the following spells:

 Your Spells              Type           Power        Failure   Level  Hunger
e - Mephitic Cloud        Conj/Pois/Air  #.......     85%         3    ####...
s - Conjure Flame         Conj/Fire      #.......     85%         3    ####...
v - Blink                 Tloc           N/A          63%         2    ###....


Dungeon Overview and Level Annotations

Branches:
Dungeon (8/15)             Temple (1/1) D:6            Lair (0/6) D:8

Altars:
Ashenzari
Cheibriados
Dithmenos
Elyvilon
Fedhas
Gozag
Hepliaklqana
Kikubaaqudgha
Makhleb
Nemelex Xobeh
Okawaru
Qazlal
Ru
Trog
Uskayaw
Vehumet
Wu Jian
Xom
Yredelemnul
Zin

Annotations:
D:7 Erica


Innate Abilities, Weirdness & Mutations

You are small and have problems with some larger weapons.
You are somewhat resistant to further mutation.


Message History

Erica hits you with a scimitar of flaming.
Erica burns you.
* * * LOW HITPOINT WARNING * * *
You hit Erica.
Erica is poisoned.
Erica is moderately wounded.
Erica hits you but does no damage. Erica closely misses you.
You hit Erica but do no damage.
Erica looks as sick as possible!
Erica is moderately wounded.
Erica casts a spell at you. The bolt of poison misses you.
You barely miss Erica.
Erica is moderately wounded.
Erica hits you with a scimitar of flaming.
* * * LOW HITPOINT WARNING * * *
Erica burns you.
* * * LOW HITPOINT WARNING * * *
You hit Erica.
Erica looks as sick as possible!
Erica is heavily wounded.
You block Erica's attack.
You hit Erica.
Erica looks as sick as possible!
Erica is heavily wounded.
Erica barely misses you.
Erica casts a spell.
Erica flickers and vanishes!
Deactivating autopickup; reactivate with Ctrl-A.
You barely miss something. Something hits you!
* * * LOW HITPOINT WARNING * * *
Something burns you.
* * * LOW HITPOINT WARNING * * *
Really quaff
z - 2 potions of lignification {!q}?
You turn into a tree.
Your roots penetrate the ground.
Something hits you but does no damage.
Really quaff
v - 2 silvery potions {!q}?
It was a potion of degeneration {!q}.
There was something very wrong with that liquid.
You feel weakened.
You feel dopey.
You feel clumsy.
You hear some strange, mumbled words.
You feel as though you will be slow longer.
Something hits you but does no damage.
Okay, then.
Really quaff
u - a brown potion {!q}?
It was a potion of haste {!q}.
You feel yourself speed up.
You hear some strange, mumbled words.
You feel as though you will be slow longer.
You barely miss something. Something hits you but does no damage.
You closely miss something. Something hits you but does no damage.
You hit something. Something hits you but does no damage.
You hit something but do no damage. You closely miss something.
You hear some strange, mumbled words.
An orb of energy appears from out of thin air!
Helpless, you fail to dodge the orb of energy.
The orb of energy explodes!
You miss something. Something hits you.
* * * LOW HITPOINT WARNING * * *
Something burns you.
* * * LOW HITPOINT WARNING * * *
You closely miss something. Something hits you but does no damage.
You miss something. Something hits you but does no damage.
You hit something.
You hear some strange, mumbled words.
An orb of energy appears from out of thin air!
The orb of energy hits you!
You die...

#....######## #..##
##### ###### ##.)##
##### ##))####...##
###........#
######...### #########
#...... ######.......##
###......
......#####...########
##........ ....###
#.(...♣.[..###...###...
#####
##....{.##......###
#### ##..##..####....)#
##### ##.####.##
##...)###...# ##.## #[#
#..........# ###.## #.#
#......##..## #...# #.#
#............ #..## #.#
#............ ##.##
#.## ##..........##


There were no monsters in sight!

Vanquished Creatures
  A komodo dragon (D:8)
  4 hogs (D:7)
  A human (D:7)
  Grum (D:7)
  Eustachio (D:4)
  Edmund (D:4)
  2 ice beasts (D:7)
  3 sky beasts
  An orc warrior (D:6)
  An ogre (D:6)
  3 wolves
  A centaur (D:8)
  3 bullfrogs
  2 big kobolds
  A wyvern skeleton (D:6)
  3 scorpions
  A water moccasin skeleton (D:8)
  The ghost of sithsevirus the Skirmisher, a weakling DrFi (D:3)
  2 howler monkeys
  3 crimson imps
  A quasit (D:7)
  4 hounds
  A jelly (D:8)
  An orc priest (D:5)
  A gnoll shaman (D:8)
  5 bullfrog skeletons
  A centaur skeleton (D:6)
  3 iguanas
  2 orc wizards
  Terence (D:3)
  6 worker ants
  2 hound skeletons
  7 gnolls
  7 adders
  A howler monkey skeleton (D:8)
  A shadow imp (D:7)
  4 oozes
  3 leopard geckos (D:5)
  15 orcs
  8 bats
  6 giant cockroaches
  5 goblins
  2 hobgoblins (D:1)
  2 jackals (D:4)
  3 quokkas
  3 ball pythons
  7 frilled lizards
  16 kobolds
  A quokka skeleton (D:4)
  9 rats
164 creatures vanquished.

Vanquished Creatures (others)
  2 plants (D:8)
2 creatures vanquished.

Grand Total: 166 creatures vanquished

Notes
Turn   | Place    | Note
-------+----------+-------------------------------------------
     0 | D:1      | Amnesiac the Halfling Fighter began the quest for the Orb.
     0 | D:1      | Reached XP level 1. HP: 15/15 MP: 1/1
    49 | D:1      | Reached skill level 1 in Dodging
    98 | D:1      | Reached XP level 2. HP: 20/20 MP: 2/2
   445 | D:1      | Reached XP level 3. HP: 25/25 MP: 3/3
  1373 | D:2      | Reached XP level 4. HP: 27/30 MP: 4/4
  1918 | D:3      | Noticed Terence
  2085 | D:3      | Found a burning altar of Makhleb.
  2323 | D:3      | Killed Terence
  2435 | D:3      | Noticed sithsevirus's ghost (weakling DrFi)
  2453 | D:3      | Killed sithsevirus's ghost
  2453 | D:3      | Reached XP level 5. HP: 36/36 MP: 5/5
  2487 | D:3      | Found a hazy altar of Hepliaklqana.
  2487 | D:3      | Found a shattered altar of Ashenzari.
  2570 | D:4      | Got a pitted chain mail
  2701 | D:4      | Identified the cursed +1 chain mail of Spring {Str+3} (You found it on level 4 of the Dungeon)
  2751 | D:4      | Noticed Eustachio
  2771 | D:4      | Killed Eustachio
  2771 | D:4      | Reached XP level 6. HP: 35/42 MP: 6/6
  2829 | D:4      | Noticed Edmund
  2861 | D:4      | Killed Edmund
  2861 | D:4      | Reached XP level 7. HP: 47/47 MP: 7/7
  3341 | D:5      | Entered Level 5 of the Dungeon
  3358 | D:5      | Reached skill level 5 in Armour
  3365 | D:5      | Reached skill level 5 in Shields
  3471 | D:5      | Reached skill level 5 in Dodging
  3591 | D:5      | Reached XP level 8. HP: 54/54 MP: 8/8
  3751 | D:5      | You fall through a shaft for 3 floors!
  4170 | D:7      | Reached skill level 5 in Fighting
  4270 | D:7      | Learned a level 2 spell: Blink
  4274 | D:7      | Learned a level 3 spell: Conjure Flame
  4354 | D:6      | Reached skill level 2 in Slings
  4354 | D:6      | Reached XP level 9. HP: 39/61 MP: 9/9
  4361 | D:6      | Reached skill level 3 in Slings
  4531 | D:6      | Reached skill level 4 in Slings
  4558 | D:5      | Reached skill level 5 in Slings
  4858 | D:5      | Reached skill level 6 in Slings
  4968 | D:5      | Reached skill level 7 in Slings
  5093 | D:6      | Found a bloodstained altar of Trog.
  5191 | D:6      | Reached skill level 8 in Slings
  5353 | D:6      | Found a staircase to the Ecumenical Temple.
  5571 | Temple   | Entered the Ecumenical Temple
  6512 | D:7      | Reached skill level 9 in Slings
  6513 | D:7      | Reached skill level 10 in Slings
  6534 | D:7      | Reached skill level 11 in Slings
  6534 | D:7      | Reached XP level 10. HP: 46/66 MP: 10/10
  6652 | D:8      | Noticed Grum
  6701 | D:8      | Reached skill level 12 in Slings
  6789 | D:7      | Killed Grum
  6826 | D:8      | Learned a level 3 spell: Mephitic Cloud
  6839 | D:8      | Noticed a komodo dragon
  6855 | D:8      | Killed a komodo dragon
  6859 | D:8      | Found a staircase to the Lair.
  6879 | D:8      | Found an iron altar of Okawaru.
  6885 | D:8      | Became a worshipper of Warmaster Okawaru
  6989 | D:8      | Found a shimmering altar of Xom.
  7147 | D:8      | Found a radiant altar of Vehumet.
  7364 | D:8      | Noticed Erica
  7402 | D:7      | Killed from afar by Erica

Vault maps used:
D:1:      saegor_arrival_miasma
D:2:      minmay_pentomino_z2
D:3:      gammafunk_temple_overflow_elements, old_standard_altar, uniq_terence
D:4:      corexii_hall_statues_l, uniq_edmund, uniq_eustachio
D:5:      first_ration
D:6:      lemuel_round_altar, minmay_temple_entry_statues_fountains, st_stairs_3
D:7:      grunt_livestock, hangedman_decor_clover_reticule
D:8:      okawaru_trees_1, vehumet_altar_wand_db, kennysheep_little_box,
          david_lair_shrubbed, uniq_grum, uniq_erica
Temple:   dshaligram_water_room_temple

Skill      XL: |  1  2  3  4  5  6  7  8  9 10 |
---------------+-------------------------------+-----
Dodging        | 1 2 3 4 5 6 |  6.8
Fighting       | 3 4 5 |  5.7
Armour         | 4 5 6 |  6.8
Shields        | 4 5 6 |  6.8
Slings         | 2 11 12 | 12.3
Short Blades   | |  2.4

Action                   |  1- 3 |  4- 6 |  7- 9 | 10-12 || total
-------------------------+-------+-------+-------+-------++-------
Melee: Rapier            |   125 |    15 |       |       ||   140
       Short sword       |       |    79 |   411 |   182 ||   672
Throw: Stone             |    51 |    11 |    73 |    25 ||   160
       Tomahawk          |       |    40 |    82 |    25 ||   147
 Abil: Evoke Berserk Rag |       |     1 |       |       ||     1
  Use: Scroll            |     1 |     1 |       |     5 ||     7
       Potion            |       |     3 |       |     3 ||     6
  Eat: Chunk             |     1 |     6 |    11 |     5 ||    23
Armor: Scale mail        |    31 |       |       |       ||    31
       Chain mail        |    18 |    44 |   128 |    78 ||   268
       Skin              |       |       |       |     8 ||     8
Dodge: Dodged            |    40 |    36 |   184 |   105 ||   365
Block: Shield            |    44 |       |       |       ||    44
       Buckler           |     6 |    31 |    91 |    55 ||   183

Table legend:
 A = Spawn XP
 B = Non-spawn XP
 C = Spawn XP percentage of total XP
 D = Spawn monster count
 E = Non-spawn monster count
 F = Spawn count percentage of total count
 G = Total turns spent on level
                    A         B        C        D         E        F      G
               +---------+---------+-------+---------+---------+-------+---------
         Total |       0 |    5786 |   0.0 |       0 |     164 |   0.0 |  7402
               +---------+---------+-------+---------+---------+-------+---------
           D:1 |       0 |      43 |   0.0 |       0 |      27 |   0.0 |   954
           D:2 |       0 |      41 |   0.0 |       0 |      13 |   0.0 |   929
           D:3 |       0 |     116 |   0.0 |       0 |      10 |   0.0 |   655
           D:4 |       0 |     561 |   0.0 |       0 |      14 |   0.0 |   803
           D:5 |       0 |     823 |   0.0 |       0 |      33 |   0.0 |   889
           D:6 |       0 |     768 |   0.0 |       0 |      16 |   0.0 |   842
           D:7 |       0 |    2076 |   0.0 |       0 |      28 |   0.0 |  1398
           D:8 |       0 |    1358 |   0.0 |       0 |      23 |   0.0 |   793
               +---------+---------+-------+---------+---------+-------+---------
